 Dungeon Crawl Stone Soup version 5.4-101-gcf516dc (webtiles) character file.

11694 soadsod the Covert (level 13, -4/99 HPs)
             Began as an Octopode Transmuter on Mar 13, 2018.
             Was a High Priest of Dithmenos.
             Slain by a harpy simulacrum (12 damage)
             ... on level 15 of the Dungeon.
             The game lasted 01:29:08 (23161 turns).

soadsod the Covert (Octopode Transmuter)           Turns: 23161, Time: 01:29:09

Health: -4/99      AC:  8 (0%)Str: 15   XL:     13   Next: 66%
Magic:  14/18      EV: 19    Int: 30    God:    Dithmenos [5*[140]]
Gold:   380        SH:  3    Dex: 14    Spells: 4/26 levels left

rFire    + . .     SeeInvis +     - Unarmed
rCold    + + .     Faith    .   (shield currently unavailable)
rNeg     . . .     Spirit   .   (helmet restricted)
rPois    +         Reflect  +   m - +3 amulet of reflection
rElec    .                      j - +5 ring of strength
rCorr    +                      d - ring of resist corrosion
MR       +....                  n - +3 ring of protection
Stlth    ++++++++++             U - ring of Sin {Ice Int+5 Dex+2}
Regen    0.3/turn               C - ring of poison resistance
MPRegen  0.3/turn               y - ring of fire
                                L - ring of protection from magic
                                O - +6 ring of slaying

@: blade tentacles, wreathed by umbra, studying Necromancy
A: almost no armour, stealthy swim, amphibious, 8 rings, constrict 8,
camouflage, clever, cold resistance 1, robust 1, shaggy fur, gelatinous body 1
a: End Transformation, Shadow Step, Shadow Form, Renounce Religion


You were on level 15 of the Dungeon.
You worshipped Dithmenos.
Dithmenos was extremely pleased with you.
You were not hungry.
You had blades for tentacles.
You visited 1 branch of the dungeon, and saw 15 of its levels.
You also visited: Ossuary and Bailey.

You collected 1055 gold pieces.
You spent 675 gold pieces at shops.

Inventory:

Hand Weapons
 e - a +3 dagger
 r - the +10 sword of Power (melded)
   (You found it on level 5 of the Dungeon)
Missiles
 a - 2273 arrows
 b - 5077 stones (quivered)
 l - 248 tomahawks
 o - 9 tomahawks of dispersal
 v - 205 poisoned darts
 D - 10 curare darts
 I - 27 frenzy darts
 J - 28 large rocks
Jewellery
 d - a ring of resist corrosion (right scythe-like blade)
 j - a +5 ring of strength (left scythe-like blade)
 m - a +3 amulet of reflection (around mantle)
 n - a +3 ring of protection (on tentacle)
 y - a ring of fire (on tentacle)
 C - a ring of poison resistance (on tentacle)
 K - an uncursed ring of wizardry
 L - a ring of protection from magic (on tentacle)
 O - a +6 ring of slaying (on tentacle)
 P - an uncursed ring of wizardry
 T - an uncursed ring of positive energy
 U - the ring of Sin (on tentacle) {Ice Int+5 Dex+2}
   (You acquired it on level 15 of the Dungeon)

   [ring of ice]

   It enhances your ice magic.
   It affects your intelligence (+5).
   It affects your dexterity (+2).
   It protects you from cold.
Wands
 f - a wand of disintegration (10)
 t - a wand of flame (50)
 E - a wand of acid (8)
 M - a wand of enslavement (6)
 R - a wand of confusion (5)
Scrolls
 c - 6 scrolls of teleportation
 g - 3 scrolls of magic mapping
 h - 3 scrolls of amnesia
 i - a scroll of fog
 k - 2 scrolls of enchant armour
 p - 3 scrolls of blinking
 u - 2 scrolls of fear
 H - a scroll of holy word
Potions
 q - 5 potions of lignification
 s - a potion of resistance
 w - 3 potions of invisibility
 x - 3 potions of cancellation
 z - a potion of berserk rage
 A - 2 potions of augmentation
 B - 12 potions of mutation
 F - 3 potions of flight
 Q - a potion of haste
Books
 S - a manual of Necromancy
Miscellaneous
 G - a crystal ball of energy
 N - a box of beasts


   Skills:
 + Level 9.4 Fighting
 + Level 9.4 Dodging
 - Level 10.0 Stealth
 + Level 10.0 Unarmed Combat
 + Level 7.1 Spellcasting
 + Level 9.1 Transmutations
 - Level 3.1 Ice Magic
 + Level 7.9 Earth Magic
 - Level 5.0 Invocations


You had 4 spell levels left.
You knew the following spells:

 Your Spells              Type           Power        Failure   Level  Hunger
a - Petrify               Tmut/Erth      58 (100)     1%          4    N/A
b - Blade Hands           Tmut           60 (200)     3%          5    N/A
c - Passwall              Tmut/Erth      58 (200)     1%          2    N/A
d - Sticks to Snakes      Tmut/Summ      38 (100)     1%          2    N/A
e - Ice Form              Ice/Tmut       63 (100)     3%          4    N/A
f - Alistair's Intoxicat  Tmut           60 (100)     3%          5    N/A

Dungeon Overview and Level Annotations

Branches:
Dungeon (15/15)            Depths (0/3) D:15
    Orc: D:15        Vaults: D:15

Altars:
Cheibriados
Dithmenos
Elyvilon
Gozag
Jiyva
Kikubaaqudgha
Makhleb
Nemelex Xobeh
Okawaru
Qazlal
Ru
Sif Muna
Trog
Uskayaw
Vehumet
Wu Jian
Xom
Yredelemnul
Zin
The Shining One

Shops:
D:10 :   D:12 =   D:14 =

Annotations:
D:15 exclusion: fire giant


Innate Abilities, Weirdness & Mutations

You cannot wear most types of armour.
You are very stealthy in the water.
You are amphibious.
You can wear up to eight rings at the same time.
You can use your tentacles to constrict eight enemies at once.
Your skin blends seamlessly with your surroundings (Stealth+++).
Your rubbery body absorbs attacks. (AC +1, EV +1)
Your mind is acute. (Int +5)
Your flesh is cold resistant. (rC+)
You are robust. (+10% HP)
You are covered in thick fur. (AC +4)


Message History

The harpy simulacrum claws you but does no damage.
The harpy simulacrum barely misses you.
You hit the cyclops but do no damage.
The cyclops is lightly wounded.
The harpy simulacrum claws you (4). The harpy simulacrum freezes you (5).
You resist. The harpy simulacrum claws you (1).
The harpy simulacrum freezes you (2). You resist.
Your adder bites the cyclops (1).
The cyclops looks even sicker.
Your adder poisons the cyclops!
The harpy simulacrum misses you. The harpy simulacrum barely misses you.
You slash the harpy simulacrum (16)! You grab the harpy simulacrum (0).
The harpy simulacrum is severely damaged.
You constrict the harpy simulacrum (1).
The harpy simulacrum closely misses you.
The harpy simulacrum misses you.
Your adder bites the cyclops but does no damage.
The cyclops hits you (32)!!
* * * LOW HITPOINT WARNING * * *
The harpy simulacrum claws you (12)!
You die...

####.### ##......####
#........#.# #..........#
### ..C.......#####.#
##########
...........##...###P##..#..#
............#..#...........#
............................
..........C@................
..P......PZS..............).
...........##...............
.....P..#.#................
.........#................
..........................
..........................
..........................
e...#Q..........ยงยง........


You could see a cyclops, a harpy simulacrum and a friendly adder.

Vanquished Creatures
  Erica (D:8)
  A centaur warrior (D:13)
  6 death yaks (D:12)
  3 two-headed ogres
  Sonja (D:10)
  2 deep elf knights (D:14)
  An unseen horror (D:10)
  Pikel (D:5)
  5 deep elf magi
  3 ugly things
  A cyclops (D:11)
  2 manticores
  2 black mambas (D:12)
  2 gargoyles
  A spiny frog (D:10)
  2 efreet
  A freezing wraith (D:15)
  3 meliai (D:12)
  4 trolls
  4 blink frogs (D:14)
  6 slime creatures (D:13)
  2 shadows
  18 yaks
  6 wyverns
  4 angry ghosts
  2 acid dragons
  2 slaves (D:5)
  A blink frog zombie (D:13)
  3 ice beasts
  5 orc warriors
  A black bear (D:9)
  4 ogres
  2 wasps
  16 centaurs
  A rime drake skeleton (D:13)
  A bullfrog (D:8)
  A water moccasin zombie (D:7)
  A wyvern zombie (D:13)
  4 wyvern skeletons
  5 scorpions
  5 crimson imps
  4 killer bees (D:7)
  3 wights (D:9)
  2 howler monkeys
  6 centaur zombies
  Crazy Yiuf (D:5)
  6 hounds
  A quasit (D:8)
  7 centaur skeletons
  7 jellies
  A wasp zombie (D:12)
  A human zombie (Ossuary)
  7 orc priests
  10 orc wizards
  8 worker ants
  3 iguanas
  A big kobold zombie (Ossuary)
  2 ogre zombies (D:15)
  A hound zombie (D:5)
  2 mummies (Ossuary)
  2 gnolls (D:10)
  16 adders
  2 shadow imps
  3 adder zombies (Ossuary)
  18 oozes
  An adder skeleton (D:4)
  A dart slug (D:5)
  28 orcs
  4 quokkas
  A ball python (D:1)
  4 bats
  2 giant cockroaches
  5 hobgoblins
  19 jackals
  5 kobolds
  3 frilled lizards (D:1)
  10 goblins
  4 goblin zombies
  12 hobgoblin zombies (Ossuary)
  A jackal zombie (Ossuary)
  10 kobold zombies (Ossuary)
  An orc skeleton (D:15)
  6 orc zombies
  A quokka skeleton (D:4)
  9 rats
  A rat zombie (Ossuary)
  A spectral orc (D:3)
  3 fungi
  2 plants
384 creatures vanquished.

Vanquished Creatures (others)
  A quokka (D:4)
  7 fungi (D:13)
  5 plants
13 creatures vanquished.

Grand Total: 397 creatures vanquished

Notes
Turn   | Place    | Note
-------+----------+-------------------------------------------
     0 | D:1      | soadsod the Octopode Transmuter began the quest for the Orb.
     0 | D:1      | Reached XP level 1. HP: 13/13 MP: 3/3
   173 | D:1      | Reached XP level 2. HP: 18/18 MP: 4/4
   819 | D:2      | Reached XP level 3. HP: 24/24 MP: 5/5
   863 | D:2      | Reached skill level 1 in Stealth
  1120 | D:2      | Found a sacrificial altar of Ru.
  1258 | D:2      | Reached XP level 4. HP: 16/29 MP: 6/6
  1494 | D:2      | Found a stormy altar of Qazlal.
  1495 | D:2      | Found a shadowy altar of Dithmenos.
  1525 | D:2      | Found a snail-covered altar of Cheibriados.
  1772 | D:2      | Became a worshipper of Dithmenos the Shadowed
  2033 | D:3      | Found a viscous altar of Jiyva.
  2118 | D:3      | Reached XP level 5. HP: 14/35 MP: 7/7
  2421 | D:3      | Found a faded altar of an unknown god.
  2561 | D:3      | Reached * piety under Dithmenos
  2610 | D:3      | Reached XP level 6. HP: 41/41 MP: 9/9
  2724 | D:3      | Found a basalt altar of Yredelemnul.
  2971 | D:4      | Found a glowing golden altar of the Shining One.
  3220 | D:4      | Found a deep blue altar of Sif Muna.
  3287 | D:4      | Reached XP level 7. HP: 30/46 MP: 10/10
  3424 | D:4      | Found a shimmering altar of Xom.
  3485 | D:4      | Found an ornate altar of the Wu Jian Council.
  3526 | D:4      | Found a white marble altar of Elyvilon.
  3652 | D:4      | Found an iron altar of Okawaru.
  3655 | D:4      | Noticed a wyvern
  3665 | D:4      | Killed a wyvern
  4003 | D:4      | Found a radiant altar of Vehumet.
  4111 | D:5      | Entered Level 5 of the Dungeon
  4213 | D:5      | Found a runed door.
  4217 | D:5      | Noticed Crazy Yiuf
  4222 | D:5      | Killed Crazy Yiuf
  4362 | D:5      | Reached XP level 8. HP: 49/54 MP: 11/11
  4420 | D:5      | Reached skill level 5 in Transmutations
  4427 | D:5      | Learned a level 5 spell: Blade Hands
  4447 | D:5      | Reached ** piety under Dithmenos
  4498 | D:5      | Reached skill level 5 in Fighting
  4740 | D:5      | Found a glowing silver altar of Zin.
  4795 | D:5      | Noticed Pikel
  5150 | D:5      | Found an ancient bone altar of Kikubaaqudgha.
  5208 | D:5      | Killed Pikel
  5208 | D:5      | Reached skill level 5 in Unarmed Combat
  5208 | D:5      | Reached XP level 9. HP: 31/62 MP: 12/12
  5455 | D:5      | Found an ancient bone altar of Kikubaaqudgha.
  5470 | D:5      | Found a glowing silver altar of Zin.
  6236 | D:6      | Found an opulent altar of Gozag.
  6473 | D:6      | Found a burning altar of Makhleb.
  7137 | D:6      | Found a burning altar of Makhleb.
  7302 | D:6      | Found an opulent altar of Gozag.
  7826 | D:7      | Found a sand-covered staircase.
  7831 | Ossuary  | Entered an ossuary
  7879 | Ossuary  | Reached *** piety under Dithmenos
  8092 | Ossuary  | Learned a level 2 spell: Passwall
  8310 | D:7      | Found a bloodstained altar of Trog.
  8327 | D:7      | Found a sparkling altar of Nemelex Xobeh.
  8365 | D:7      | Reached skill level 5 in Dodging
  8367 | D:7      | Reached skill level 5 in Stealth
  8506 | D:7      | Reached skill level 1 in Earth Magic
  8591 | D:7      | Got the Catalogue of Curses and Enhancements
  8595 | D:7      | Learned a level 2 spell: Sticks to Snakes
  8911 | D:7      | Reached **** piety under Dithmenos
  8929 | D:7      | Found a hide-covered altar of Uskayaw.
  9069 | D:7      | Found a hide-covered altar of Uskayaw.
  9384 | D:7      | Found a bloodstained altar of Trog.
  9394 | D:7      | Found a sparkling altar of Nemelex Xobeh.
  9696 | D:8      | Noticed Erica
  9988 | D:8      | Reached XP level 10. HP: 70/71 MP: 6/8
 10320 | D:8      | Killed Erica
 10320 | D:8      | Reached skill level 5 in Spellcasting
 11849 | D:9      | Reached XP level 11. HP: 61/75 MP: 12/12
 12447 | D:10     | Entered Level 10 of the Dungeon
 12501 | D:10     | Found a flagged portal.
 12527 | D:10     | Gained mutation: You have a pair of small antennae on your head. [potion of mutation]
 12527 | D:10     | Gained mutation: Your body sometimes deteriorates upon taking damage. [potion of mutation]
 12527 | D:10     | Gained mutation: You do not regenerate when monsters are visible. [potion of mutation]
 12527 | D:10     | Gained mutation: You are robust. (+10% HP) [potion of mutation]
 12529 | Bailey   | Entered a bailey
 12569 | Bailey   | Reached ***** piety under Dithmenos
 12877 | D:10     | Noticed an unseen horror
 12879 | D:10     | Killed an unseen horror
 12998 | D:10     | Noticed a two-headed ogre
 13088 | D:10     | Killed a two-headed ogre
 13693 | D:10     | Found Likeibem's Book Boutique.
 13752 | D:10     | Reached skill level 1 in Invocations
 13921 | D:10     | Noticed Sonja
 13927 | D:10     | Killed Sonja
 13927 | D:10     | Reached skill level 5 in Earth Magic
 15085 | D:10     | Found Likeibem's Book Boutique.
 15229 | D:10     | Bought a book of Maledictions for 350 gold pieces
 15245 | D:11     | Noticed a cyclops
 15251 | D:11     | Killed a cyclops
 15368 | D:11     | Learned a level 4 spell: Ice Form
 15438 | D:11     | Noticed a brown ugly thing
 15445 | D:11     | Killed a brown ugly thing
 15646 | D:11     | Noticed a red ugly thing
 15655 | D:11     | Killed a red ugly thing
 15815 | D:11     | Noticed a two-headed ogre
 15857 | D:11     | Killed a two-headed ogre
 15857 | D:11     | Reached skill level 1 in Ice Magic
 15857 | D:11     | Reached XP level 12. HP: 79/90 MP: 13/15
 17704 | D:12     | Lost mutation: You have a pair of small antennae on your head. [potion of mutation]
 17704 | D:12     | Lost mutation: You are robust. (+10% HP) [potion of mutation]
 17704 | D:12     | Lost mutation: You do not regenerate when monsters are visible. [potion of mutation]
 17704 | D:12     | Lost mutation: Your body sometimes deteriorates upon taking damage. [potion of mutation]
 17704 | D:12     | Gained mutation: Your system is resistant to poisons. (rPois) [potion of mutation]
 17704 | D:12     | Gained mutation: Shadows flee at your approach. (+LOS) [potion of mutation]
 17704 | D:12     | Gained mutation: One of your tentacles bears a nasty spike. [potion of mutation]
 17705 | D:12     | Lost mutation: Your system is resistant to poisons. (rPois) [potion of mutation]
 17705 | D:12     | Lost mutation: One of your tentacles bears a nasty spike. [potion of mutation]
 17705 | D:12     | Gained mutation: You are covered in thick fur. (AC +4) [potion of mutation]
 17705 | D:12     | Gained mutation: Your flesh is heat resistant. (rF+) [potion of mutation]
 17706 | D:12     | Lost mutation: Your flesh is heat resistant. (rF+) [potion of mutation]
 17706 | D:12     | Lost mutation: Shadows flee at your approach. (+LOS) [potion of mutation]
 17706 | D:12     | Gained mutation: Your flesh is cold resistant. (rC+) [potion of mutation]
 17706 | D:12     | Gained mutation: Your mind is acute. (Int +5) [potion of mutation]
 17706 | D:12     | Gained mutation: You are robust. (+10% HP) [potion of mutation]
 17794 | D:12     | Noticed a death yak
 17797 | D:12     | Noticed a death yak
 17797 | D:12     | Noticed a death yak
 17803 | D:12     | Noticed a death yak
 17812 | D:12     | Killed a death yak
 17818 | D:12     | Noticed a death yak
 17836 | D:12     | Noticed a death yak
 17837 | D:12     | Killed a death yak
 17855 | D:12     | Killed a death yak
 17858 | D:12     | Killed a death yak
 17866 | D:12     | Killed a death yak
 17868 | D:12     | Killed a death yak
 17960 | D:12     | Learned a level 5 spell: Alistair's Intoxication
 18323 | D:12     | Found Cuitsiqu's Jewellery Shoppe.
 18909 | D:12     | Bought an uncursed ring of protection from magic for 325 gold pieces
 19300 | D:13     | Reached skill level 10 in Stealth
 19373 | D:13     | Learned a level 4 spell: Petrify
 19553 | D:13     | Noticed a centaur warrior
 19574 | D:13     | Reached XP level 13. HP: 92/97 MP: 17/17
 19685 | D:13     | Reached skill level 5 in Invocations
 21441 | D:14     | Found Haohijum's Jewellery Emporium.
 22213 | D:14     | Found Haohijum's Jewellery Emporium.
 22710 | D:14     | Reached skill level 10 in Unarmed Combat
 22933 | D:15     | Entered Level 15 of the Dungeon
 22948 | D:15     | Got the ring of Sin {Ice Int+5 Dex+2}
 23053 | D:15     | Noticed a rakshasa
 23098 | D:15     | Found a staircase to the Depths.
 23098 | D:15     | Noticed a fire giant
 23161 | D:15     | Slain by a harpy simulacrum

Skill      XL: |  1  2  3  4  5  6  7  8  9 10 11 12 13 |
---------------+----------------------------------------+-----
Fighting       | 2 3 4 6 7 8 9 |  9.4
Stealth        | 1 2 3 4 5 8 10 | 10.0
Transmutations | 3 4 6 7 8 9 |  9.1
Dodging        | 3 4 5 6 7 8 9 |  9.4
Unarmed Combat | 4 5 6 7 8 9 10 | 10.0
Spellcasting   | 3 4 6 7 |  7.1
Earth Magic    | 2 4 5 7 |  7.9
Invocations    | 2 4 5 |  5.0
Ice Magic      | 1 3 |  3.1

Action                   |  1- 3 |  4- 6 |  7- 9 | 10-12 | 13-15 || total
-------------------------+-------+-------+-------+-------+-------++-------
Melee: Unarmed           |    59 |   104 |   267 |   344 |   120 ||   894
       Constrict         |    13 |    27 |    56 |    15 |     8 ||   119
       Tentacles         |     6 |    14 |    45 |    41 |    14 ||   120
       Kick              |    13 |    28 |    50 |       |       ||    91
       Punch             |     1 |     1 |     8 |     7 |     7 ||    24
       Double sword      |       |       |     4 |       |       ||     4
 Cast: Beastly Appendage |     1 |       |       |       |       ||     1
       Passwall          |       |       |     9 |    36 |    11 ||    56
       Sticks to Snakes  |       |       |     1 |     6 |     1 ||     8
       Blade Hands       |       |       |     1 |     4 |     2 ||     7
       Ice Form          |       |       |       |     3 |     3 ||     6
       Alistair's Intoxi |       |       |       |       |     7 ||     7
       Petrify           |       |       |       |       |     1 ||     1
Invok: Shadow Step       |       |       |       |     3 |     1 ||     4
 Abil: End Transformatio |       |       |       |     1 |     1 ||     2
  Use: Potion            |       |     1 |       |     9 |       ||    10
       Scroll            |       |       |     2 |     2 |     1 ||     5
 Stab: Sleeping          |    13 |    15 |    41 |    42 |    11 ||   122
       Invisible         |       |     1 |       |     4 |       ||     5
       Distracted        |       |       |       |     1 |     1 ||     2
       Petrified         |       |       |       |       |     2 ||     2
       Confused          |       |       |       |       |     1 ||     1
Armor: Skin              |     8 |     5 |    20 |    43 |    13 ||    89
Dodge: Dodged            |    44 |    61 |   120 |   179 |    70 ||   474
Block: Other             |       |       |    22 |    42 |    12 ||    76
       Reflection        |       |       |       |     2 |     1 ||     3
